 Dungeon Crawl Stone Soup version 0.21-a0-356-g45b0a09 (webtiles) character file.

2563 Ordine the Carver (level 9, -1/54 HPs)
             Began as a Tengu Fighter on Oct 12, 2017.
             Was a Follower of Okawaru.
             Slain by a two-headed ogre
             ... wielding a +0 giant club
              (25 damage)
             ... on level 8 of the Dungeon.
             The game lasted 00:18:46 (8137 turns).

Ordine the Carver (Tengu Fighter)                   Turns: 8137, Time: 00:18:47

Health: -1/54      AC: 13    Str: 17    XL:     9   Next: 57%
Magic:  8/10       EV:  4    Int: 12    God:    Okawaru [*.....]
Gold:   482        SH: 11    Dex: 13    Spells: 7/8 levels left

rFire    . . .     SeeInvis .   p - +2 long sword (holy)
rCold    + . .     Gourm    +   c - +1 shield
rNeg     . . .     Faith    .   u - +2 plate armour {rC+}
rPois    .         Spirit   .   (helmet restricted)
rElec    .         Reflect  .   (no cloak)
rCorr    .         Harm     .   (no gloves)
MR       .....                  (boots unavailable)
Stlth    ..........             t - amulet of the gourmand
HPRegen  0.18/turn              (no ring)
MPRegen  0.12/turn              (no ring)

@: about to teleport, flying quickly and evasively, quick
A: beak, talons 3, able to fly 1
a: Heroism, Renounce Religion


You were on level 8 of the Dungeon.
You worshipped Okawaru.
Okawaru was aware of your devotion.
You were very full.

You visited 2 branches of the dungeon, and saw 9 of its levels.

You collected 482 gold pieces.

Inventory:

Hand Weapons
 p - a +2 long sword of holy wrath (weapon)
Armour
 c - a +1 shield (worn)
 u - a +2 plate armour of cold resistance (worn)
Jewellery
 t - an amulet of the gourmand (around neck)
Wands
 h - a wand of digging (16/24)
 q - a wand of scattershot (3/9)
Scrolls
 b - a scroll of enchant armour
 e - a scroll of fear
 j - 2 scrolls of remove curse
 l - a scroll of magic mapping
 r - a scroll of teleportation
 s - 2 scrolls of fog
Potions
 a - a potion of agility
 d - a potion of might
 k - a potion of curing
 n - a potion of flight
 v - a potion of magic
Books
 w - Sif Muna's Compendium of Talismans
   (You found it on level 7 of the Dungeon)

   Spells                             Type                      Level
   a - Infusion                       Charms                       1
Comestibles
 f - 5 bread rations
 g - 4 meat rations
 m - 2 royal jellies
 o - 3 fruits


   Skills:
 + Level 5.2 Fighting
 * Level 11.9 Long Blades
 - Level 3.2 Armour
 + Level 5.2 Shields
 + Level 1.3 Charms


You had 7 spell levels left.
You knew the following spells:

 Your Spells              Type           Power        Failure   Level  Hunger
a - Infusion              Chrm           #...         100%        1    ##.....


Dungeon Overview and Level Annotations

Branches:
Dungeon (8/15)             Temple (1/1) D:6
   Lair: D:8-11

Altars:
Ashenzari
Cheibriados
Dithmenos
Elyvilon
Fedhas
Gozag
Hepliaklqana
Kikubaaqudgha
Makhleb
Nemelex Xobeh
Okawaru
Qazlal
Ru
Sif Muna
Trog
Uskayaw
Vehumet
Wu Jian
Xom
Yredelemnul
Zin
The Shining One

Annotations:
D:8 Erica, Gastronok


Innate Abilities, Weirdness & Mutations

You have a beak for a mouth.
You have claws for feet.
You can fly.


Message History

Deactivating autopickup; reactivate with Ctrl-A.
You slash something!
The centaur almost stumbles in trying to escape.
Cornered, the two-headed ogre turns to fight!
You barely miss something. Your kick misses something. You peck something.
You feel like a meek peon again.
The centaur seems to regain its courage.
You slash something! Your kick misses something. You hit something.
You hear some strange, mumbled words.
An orb of energy appears from out of thin air!
The orb of energy hits you!
The orb of energy explodes!
You hit something. You claw something.
As you read the scroll of teleportation, it crumbles to dust.
You feel strangely unstable.
You hear some strange, mumbled words.
Something tries to affect you, but you resist.
You closely miss something.
The two-headed ogre hits you with a giant club!!
You die...

#.########.# #.##.#.
#.########.# #.##.#.
#..........# #.##.#.
#..######### #.##.#.
#..# #.#..#.
#..############.#.##.
#....................
#.#############.#.###
#.#.@Oc......##.#....
#.#.########.##.#....
#.#.# #.##.#.... #.#.#
#O##.#.... #.#.#
#.##.#.... #.#.#
#c##.#.... #.#.# #.#
#.... ####'#'### #.#
#....
#........######.##.#....


You could see a two-headed ogre and a centaur.

Vanquished Creatures
  Prince Ribbit (D:7)
  A hungry ghost (D:7)
  An ice beast (D:6)
  An orc warrior (D:6)
  A black bear (D:7)
  2 sky beasts
  3 ogres
  A bullfrog (D:7)
  A wyvern zombie (D:6)
  A scorpion (D:3)
  A wyvern skeleton (D:8)
  8 wights
  A crimson imp (D:6)
  A quasit (D:7)
  2 centaur skeletons
  2 hounds (D:6)
  A bullfrog skeleton (D:7)
  4 orc priests
  2 iguanas (D:5)
  Natasha (thrice) (D:2)
  6 orc wizards
  A worker ant (D:7)
  A howler monkey zombie (D:5)
  6 gnolls
  12 adders
  3 worms
  A dart slug (D:1)
  6 leopard geckos
  27 orcs
  2 ball pythons
  6 bats
  8 giant cockroaches
  5 goblins
  11 hobgoblins
  14 jackals
  4 quokkas
  A ball python zombie (D:5)
  7 frilled lizards
  12 kobolds
  A leopard gecko skeleton (D:5)
  A quokka skeleton (D:7)
  3 rats
176 creatures vanquished.

Notes
Turn   | Place    | Note
-------+----------+-------------------------------------------
     0 | D:1      | Ordine the Tengu Fighter began the quest for the Orb.
     0 | D:1      | Reached XP level 1. HP: 14/14 MP: 2/2
    62 | D:1      | Reached skill level 3 in Long Blades
    62 | D:1      | Reached XP level 2. HP: 14/19 MP: 3/3
   347 | D:1      | Reached XP level 3. HP: 18/23 MP: 4/4
   427 | D:1      | Reached skill level 4 in Long Blades
   982 | D:2      | Reached XP level 4. HP: 16/28 MP: 5/5
  1226 | D:2      | Found a basalt altar of Yredelemnul.
  1346 | D:2      | Found a glowing golden altar of the Shining One.
  1456 | D:2      | Reached skill level 5 in Long Blades
  1626 | D:2      | Noticed Natasha
  1629 | D:2      | Killed Natasha
  1629 | D:2      | Gained mutation: You can fly. [Tengu growth]
  1629 | D:2      | Reached XP level 5. HP: 30/32 MP: 6/6
  1671 | D:2      | Found an ornate altar of the Wu Jian Council.
  1869 | D:2      | Noticed Natasha
  1877 | D:2      | Killed Natasha
  1877 | D:2      | Reached skill level 6 in Long Blades
  2009 | D:2      | Noticed Natasha
  2015 | D:2      | Killed Natasha
  2536 | D:3      | Reached XP level 6. HP: 37/37 MP: 7/7
  2766 | D:3      | Reached skill level 7 in Long Blades
  3314 | D:4      | Found a radiant altar of Vehumet.
  3512 | D:4      | Reached skill level 8 in Long Blades
  3512 | D:4      | Reached XP level 7. HP: 10/41 MP: 8/8
  3894 | D:4      | Found a burning altar of Makhleb.
  4033 | D:5      | Entered Level 5 of the Dungeon
  4541 | D:5      | Reached skill level 9 in Long Blades
  4760 | D:5      | Reached XP level 8. HP: 39/46 MP: 5/9
  4780 | D:6      | Reached skill level 10 in Long Blades
  5081 | D:6      | Got a pitted hunting sling
  5102 | D:6      | Identified the +9 hunting sling of the Mushroom {velocity, rElec MR+ Stlth+} (You found it on level 6 of the Dungeon)
  5558 | D:6      | Reached skill level 11 in Long Blades
  6109 | D:6      | Found a staircase to the Ecumenical Temple.
  6125 | D:6      | HP: 1/48 [orc warrior/morningstar (4)]
  6481 | Temple   | Entered the Ecumenical Temple
  6681 | Temple   | Became a worshipper of Warmaster Okawaru
  6780 | D:7      | Found an opulent altar of Gozag.
  6791 | D:7      | Reached XP level 9. HP: 52/52 MP: 10/10
  6978 | D:7      | Found a deep blue altar of Sif Muna.
  7022 | D:7      | Reached * piety under Okawaru
  7027 | D:7      | Identified Sif Muna's Compendium of Talismans
  7073 | D:7      | Learned a level 1 spell: Infusion
  7362 | D:8      | Noticed Prince Ribbit
  7363 | D:8      | Noticed Gastronok
  7507 | D:7      | Reached skill level 5 in Fighting
  7507 | D:7      | Reached skill level 5 in Shields
  7615 | D:7      | Reached skill level 1 in Charms
  7896 | D:7      | Killed Prince Ribbit
  8103 | D:8      | Found a sacrificial altar of Ru.
  8103 | D:8      | Noticed Erica
  8108 | D:8      | Noticed a two-headed ogre
  8137 | D:8      | Slain by a two-headed ogre

Vault maps used:
D:1:      lemuel_arrival_cross, minmay_distorted
D:2:      lemuel_crystal_altar, old_standard_altar, yredelemnul_altar_generic,
          kennysheep_another_room, uniq_natasha
D:3:      corexii_shack
D:4:      fiery_altar_vehumet, old_standard_altar, first_bread, serial_forest,
          infiniplex_forest_straight_3, infiniplex_forest_clump_small,
          infiniplex_forest_lined_2, infiniplex_forest_clump_tiny,
          infiniplex_forest_straight_1, infiniplex_forest_clump_long
D:6:      minmay_temple_entry_purple_smoke
D:7:      old_standard_altar, led_sif_book
D:8:      hangedman_ru_absence, uniq_joseph, uniq_prince_ribbit1, uniq_erica,
          uniq_gastronok
Temple:   eino_narrow_crystal_temple

Skill      XL: |  1  2  3  4  5  6  7  8  9 |
---------------+----------------------------+-----
Long Blades    | 3 4 5 6 8 9 11 | 11.9
Fighting       | 4 5 |  5.2
Shields        | 4 5 |  5.2
Charms         | 1 |  1.3
Armour         | |  3.2

Action                   |  1- 3 |  4- 6 |  7- 9 || total
-------------------------+-------+-------+-------++-------
Melee: Long sword        |    78 |   137 |   303 ||   518
       Kick              |    17 |    39 |    88 ||   144
       Peck              |    12 |    16 |    49 ||    77
Invok: Heroism           |       |       |     2 ||     2
 Abil: Fly               |       |       |     7 ||     7
  Use: Scroll            |       |    13 |     8 ||    21
       Potion            |       |       |     7 ||     7
  Eat: Chunk             |       |     8 |    26 ||    34
Armor: Scale mail        |    47 |    52 |    18 ||   117
       Plate armour      |       |       |    54 ||    54
       Skin              |       |       |     9 ||     9
       Leather armour    |       |       |     4 ||     4
Dodge: Dodged            |    21 |    35 |    39 ||    95
Block: Shield            |    42 |    79 |   145 ||   266
       Rpst.: Long sword |     6 |    11 |    14 ||    31

Table legend:
 A = Spawn XP
 B = Non-spawn XP
 C = Spawn XP percentage of total XP
 D = Spawn monster count
 E = Non-spawn monster count
 F = Spawn count percentage of total count
 G = Total turns spent on level
                    A         B        C        D         E        F      G
               +---------+---------+-------+---------+---------+-------+---------
         Total |       0 |    3662 |   0.0 |       0 |     176 |   0.0 |  8137
               +---------+---------+-------+---------+---------+-------+---------
           D:1 |       0 |      50 |   0.0 |       0 |      29 |   0.0 |   933
           D:2 |       0 |     231 |   0.0 |       0 |      30 |   0.0 |  1192
           D:3 |       0 |     195 |   0.0 |       0 |      20 |   0.0 |  1129
           D:4 |       0 |     225 |   0.0 |       0 |      15 |   0.0 |   779
           D:5 |       0 |     522 |   0.0 |       0 |      23 |   0.0 |   984
           D:6 |       0 |    1007 |   0.0 |       0 |      30 |   0.0 |  1525
           D:7 |       0 |    1294 |   0.0 |       0 |      22 |   0.0 |  1106
           D:8 |       0 |     138 |   0.0 |       0 |       7 |   0.0 |   273
               +---------+---------+-------+---------+---------+-------+---------
